 Dungeon Crawl Stone Soup version 0.29.1-15-g9cfb28693d (webtiles) character file.

Game seed: 717166362010023829

16 sentinel the Digger (level 2, 0/20 HPs)
             Began as a Meteoran Earth Elementalist on Aug 18, 2023.
             Slain by a rat (1 damage)
             ... on level 3 of the Dungeon.
             The game lasted 00:01:05 (217 turns).

sentinel the Digger (Meteoran Earth Elementalist)    Turns: 217, Time: 00:01:06

Health: 0/20       AC:  2    Str:  9    XL:     2   Next: 94%
Magic:  0/6        EV: 12    Int: 16    God:
Gold:   0          SH:  0    Dex: 14    Spells: 3/6 levels left

rFire   . . .      SeeInvis .   (no weapon)
rCold   . . .      Faith    .   (no shield)
rNeg    . . .      Spirit   .   a - +0 robe
rPois   .          Reflect  .   (no helmet)
rElec   .          Harm     .   (no cloak)
rCorr   .          Rampage  .   (no gloves)
Will    .....                   (no boots)
Stlth   +.........              (no amulet)
HPRegen 0.06/turn               (no ring)
MPRegen 0.10/turn               (no ring)

@: glowing
A: sense surroundings 1, otherworldly, glowing, explore regen
a: no special abilities


You were on level 3 of the Dungeon.
You visited 1 branch of the dungeon, and saw 3 of its levels.

Inventory:

Armour
 a - a +0 robe (worn)
Jewellery
 d - an amulet of guardian spirit
Scrolls
 e - a scroll of vulnerability {unknown}
 f - 2 scrolls of enchant armour {unknown}
 h - a scroll of immolation {unknown}
Potions
 b - a potion of magic
 c - 3 potions of attraction {unknown}
 g - 2 potions of might {unknown}


   Skills:
 - Level 2.4 Dodging
 - Level 1.4 Stealth
 + Level 2.8 Spellcasting
 - Level 1.2 Transmutations
 + Level 4.6 Earth Magic


You had 3 spell levels left.
You knew the following spells:

 Your Spells              Type           Power      Damage    Failure   Level
a - Sandblast             Erth           34%        2d9       3%          1
j - Passwall              Tmut/Erth      9%         N/A       9%          2

Your spell library contained the following spells:

 Spells                   Type           Power      Damage    Failure   Level
 Freeze                   Ice            8%         1d3       19%         1
 Stone Arrow              Conj/Erth      18%        3d8       22%         3
 Frozen Ramparts          Ice            4%         1d1       50%         3
 Petrify                  Tmut/Erth      11%        N/A       50%         4
 Hailstorm                Conj/Ice       2%         3d3       88%         4


Dungeon Overview and Level Annotations

Branches:
Dungeon (3/15) Zot: 1569

Altars:

Shops:
D:1 [


Innate Abilities, Weirdness & Mutations

You passively map a small area around you.
You are easily found by Zot.
You glow in the dark.
You regain HP and MP as you explore.


Message History

The blast of sand hits the hobgoblin.
You kill the hobgoblin!
You have reached level 2!
You miscast Sandblast.
You are very lightly contaminated with residual magic.
Nothing appears to happen.
The blast of sand misses the goblin.
The goblin hits you but does no damage. The goblin misses you.
The blast of sand hits the goblin.
You kill the goblin!
Your magical contamination has completely faded away.
You pick up a book of Frost and begin reading...
You add the spells Freeze, Frozen Ramparts and Hailstorm to your library.
f - a scroll labelled PIGUNA HAINKO
g - a clear potion Memorise Passwall, consuming 2 spell levels and leaving 3?
You start memorising the spell.
You continue memorising. x2
You finish memorising.
Spell assigned to 'j'.
Okay, then.
Found 13 gold pieces.
Found a scroll labelled AFUOGH ARUTU.
You see here 13 gold pieces.
h - a scroll labelled AFUOGH ARUTU
There is a stone staircase leading down here.
You climb downwards.
There is a stone staircase leading up here.
Magic restored.
Found a dagger.
Found a plate armour.
Found a sling.
Found 6 stones.
Found an escape hatch in the ceiling.
Found a scroll labelled PIGUNA HAINKO.
An endoplasm comes into view.
Found 7 stones.
The endoplasm quivers.
Found 5 gold pieces.
The blast of sand hits the endoplasm!
You kill the endoplasm!
You can't see any susceptible monsters within range! (Use Z to cast anyway.)
f - 2 scrolls labelled PIGUNA HAINKO (gained 1)
Found a stone staircase leading up.
A giant cockroach and a hobgoblin come into view.
There are monsters nearby!
The hobgoblin shouts!
You hear a shout!
The blast of sand hits the hobgoblin.
You kill the hobgoblin!
A hobgoblin comes into view.
The blast of sand hits the giant cockroach!
You kill the giant cockroach!
You can't see any susceptible monsters within range! (Use Z to cast anyway.)
You can't see any susceptible monsters within range! (Use Z to cast anyway.)
The blast of sand hits the hobgoblin.
You kill the hobgoblin!
You can't see any susceptible monsters within range! (Use Z to cast anyway.)
There is a stone staircase leading up here.
You climb upwards.
Magic restored.
There is a stone staircase leading down here.
There is a stone staircase leading down here.
You climb downwards.
There is a stone staircase leading up here.
Found 2 red potions.
Found an escape hatch in the floor.
c - 3 red potions (gained 2)
There is an escape hatch in the floor here.
You slide downwards.
The hatch slams shut behind you.
Found a clear potion.
The blast of sand hits the dart slug.
The dart slug is lightly wounded.
The blast of sand hits the dart slug.
The dart slug is moderately wounded.
The dart slug launches a dart at you. The slug dart hits you.
The blast of sand hits the dart slug!
You kill the dart slug!
You can't see any susceptible monsters within range! (Use Z to cast anyway.) Magic restored.
g - 2 clear potions (gained 1)
You open the door.
Found 6 gold pieces.
There is an open door here.
Casting: Sandblast (safe; 3% risk of failure)
Confirm with . or Enter, or press ? or * to list all spells.
Aiming: Passwall (safe; 9% risk of failure)
Press: ? - help, Dir - move target A rock wall.
You begin to meditate on the wall.
You continue meditating on the rock. x2
You finish merging with the rock.
Found a stone staircase leading up.
There is a stone staircase leading up here.
You climb upwards.
The hobgoblin shouts!
The kobold shouts!
There is a stone staircase leading down here.
The blast of sand hits the hobgoblin but does no damage.
The hobgoblin barely misses you. The bat barely misses you.
The blast of sand hits the bat!
You kill the bat!
The hobgoblin hits you. The rat closely misses you. The hobgoblin hits you.
The blast of sand hits the hobgoblin but does no damage.
The rat misses you. The hobgoblin hits you.
The blast of sand hits the hobgoblin but does no damage.
The rat bites you. The hobgoblin hits you.
The rat bites you but does no damage. The hobgoblin hits you.
A rat comes into view.
Casting: Sandblast (safe; 3% risk of failure)
Confirm with . or Enter, or press ? or * to list all spells.
Aiming: Sandblast (safe; 3% risk of failure)
Press: ? - help, Shift-Dir - straight line, f/p - hobgoblin
Aim: a hobgoblin, wearing a +0 scale mail (84% to hit)
Okay, then.
The rat bites you. The hobgoblin barely misses you.
You climb downwards.
There is a stone staircase leading up here.
Casting: Sandblast (safe; 3% risk of failure)
Confirm with . or Enter, or press ? or * to list all spells.
Aiming: Sandblast (safe; 3% risk of failure)
Press: ? - help, Shift-Dir - straight line, f - hobgoblin
Aim: a hobgoblin, wearing a +0 scale mail (84% to hit)
The blast of sand hits the hobgoblin.
The hobgoblin is moderately wounded.
The hobgoblin hits you. The rat bites you.
Casting: Sandblast (safe; 3% risk of failure)
Confirm with . or Enter, or press ? or * to list all spells.
Aiming: Sandblast (safe; 3% risk of failure)
Press: ? - help, Shift-Dir - straight line, f/p - hobgoblin
Aim: a hobgoblin, wearing a +0 scale mail (moderately wounded, 84% to hit)
The blast of sand hits the hobgoblin.
The hobgoblin is almost dead.
The hobgoblin barely misses you. The rat bites you.
* * * LOW HITPOINT WARNING * * *
The hobgoblin barely misses you. The rat bites you but does no damage.
HP warning!
Casting: Sandblast (safe; 3% risk of failure)
Confirm with . or Enter, or press ? or * to list all spells.
Aiming: Sandblast (safe; 3% risk of failure)
Press: ? - help, Shift-Dir - straight line, f/p - hobgoblin
Aim: a hobgoblin, wearing a +0 scale mail (almost dead, 84% to hit)
The blast of sand hits the hobgoblin but does no damage.
The hobgoblin is almost dead.
The hobgoblin misses you. The rat bites you.
* * * LOW HITPOINT WARNING * * *
HP warning!
Casting: Sandblast (safe; 3% risk of failure)
Confirm with . or Enter, or press ? or * to list all spells.
Aiming: Sandblast (safe; 3% risk of failure)
Press: ? - help, Shift-Dir - straight line, f/p - hobgoblin
Aim: a hobgoblin, wearing a +0 scale mail (almost dead, 84% to hit)
The blast of sand hits the hobgoblin but does no damage.
The hobgoblin is almost dead.
The hobgoblin hits you but does no damage.
The rat bites you.
You die...

, #...### * * *
#...#.# *
#...#.#*, #* ,
#...#.#* .#* * ,
#...#.# ,..#, *
##+##.##...# ,
.####.........#
, *
.......#g.....#
......r@.##...#,
, .........# ..#
, .######...# .#
, * #...#, # , ,
, #...# , #####
, , , , , * ,


You could see a hobgoblin and a rat.

Vanquished Creatures
  A dart slug (D:3)
  2 endoplasms
  A giant cockroach (D:2)
  2 goblins (D:1)
  3 hobgoblins
  A ball python (D:1)
  2 bats
12 creatures vanquished.

Notes
Turn   | Place    | Note
-------+----------+-------------------------------------------
     0 | D:1      | sentinel the Meteoran Earth Elementalist began the quest
                  | for the Orb.
     0 | D:1      | Reached XP level 1. HP: 14/14 MP: 5/5
    31 | D:1      | Found Huicufon's Armour Shoppe.
    66 | D:1      | Reached skill level 4 in Earth Magic
    74 | D:1      | Reached XP level 2. HP: 20/20 MP: 3/6
    89 | D:1      | Learned a level 2 spell: Passwall
   216 | D:3      | HP: 1/20 [rat (1)]
   217 | D:3      | Slain by a rat

Illustrated notes

Levels and vault maps discovered:
D:1:      ncdulo_watergridlock, layout_basic, serial_shops,
          nicolae_shop_window_shopping, minmay_misc_feat_rows
D:2:      layout_loops_ring, ebering_ecumenical_altar_box, uniq_jessica,
          uniq_crazy_yiuf_cottage
D:3:      layout_basic, uniq_natasha

Skill      XL: |  1 |
---------------+----+-----
Earth Magic    | 4 |  4.6
Dodging        | |  2.4
Stealth        | |  1.4
Spellcasting   | |  2.8
Transmutations | |  1.2

Action                   || total
-------------------------++-------
 Cast: Sandblast         ||    23
       Passwall          ||     1
Armor: Robe              ||     5
Dodge: Dodged            ||     9
